[ AOE2 MATCH · #507296764 ]
UnrankedCelts vs Saracens
Player's team · WIN
Rival team · LOSS
[ REPLAY ANALYSIS · EXTRACTED FROM THE RECORDED GAME ]
Feudal
9:04
Castle
27:15
Imperial
42:11
| APM avg | 78.9 |
| APM peak | 123 |
| eAPM avg | 49.4 |
| Villagers / military | 197 / 307 |
Focus
⚔️ 67.9% · 🌾 32.1%
Spearman ×173 · Battering Ram ×48 · Mangonel ×39 · Skirmisher ×22 · Woad Raider ×14 · Militia ×9
Feudal
12:34
Castle
25:15
Imperial
38:21
| APM avg | 52.9 |
| APM peak | 90 |
| eAPM avg | 31.5 |
| Villagers / military | 198 / 316 |
Focus
⚔️ 38.5% · 🌾 61.5%
Scout Cavalry ×172 · Archer ×107 · Bombard Cannon ×10 · Knight ×7 · Trebuchet (Packed) ×5 · Monk ×4
Match map
Initial resources + every placement click. Lines = walls · curves = elevation contours. ◆ gold · ⬟ stone · ● berries · ✦ relic · ◌ wall gap
Your base· ✓ Closed at 27:15 · 48t walls · 3 gate(s) · fragile
elbanovic's base· ✓ Closed at 25:15 · 69t walls · 1 gate(s) · fragile
Smoothed initial terrain · ◌ = detected wall gap · hover for details
Inputs per minute
— HiddenZebra - - elbanovic
Build order — HiddenZebra
First 150 of 720 actions detected
| 0:00 | Create | Villager (Male) ×4 |
| 0:02 | Build | House |
| 0:03 | Build | House |
| 1:22 | Create | Villager (Male) |
| 1:57 | Create | Villager (Male) |
| 2:23 | Create | Villager (Male) |
| 2:41 | Build | Lumber Camp |
| 2:52 | Create | Villager (Male) |
| 2:52 | Create | Villager (Male) |
| 3:03 | Create | Villager (Male) |
| 3:32 | Build | House |
| 3:34 | Build | Palisade Wall |
| 3:39 | Create | Villager (Male) |
| 3:39 | Create | Villager (Male) |
| 4:03 | Build | House |
| 4:22 | Create | Villager (Male) |
| 4:30 | Create | Villager (Male) |
| 4:31 | Create | Villager (Male) |
| 5:04 | Create | Villager (Male) |
| 5:34 | Build | Mill |
| 5:37 | Research | Loom |
| 5:46 | Create | Villager (Male) |
| 6:13 | Build | Palisade Gate |
| 6:19 | Create | Villager (Male) |
| 6:54 | Research | Feudal Age |
| 7:44 | Build | Barracks |
| 7:50 | Build | Palisade Wall |
| 8:29 | Create | Militia |
| 8:30 | Create | Militia |
| 8:30 | Create | Militia |
| 8:33 | Build | Palisade Wall |
| 8:36 | Build | Palisade Wall |
| 8:51 | Create | Villager (Male) |
| 8:58 | Build | Palisade Wall |
| 8:58 | Build | Palisade Wall |
| 8:59 | Build | Palisade Wall |
| 9:02 | Build | Palisade Wall |
| 9:02 | Build | Palisade Wall |
| 9:04 | Age | Feudal Age |
| 9:09 | Research | Man-at-Arms (upgrade) |
| 9:24 | Build | Palisade Wall |
| 9:27 | Build | House |
| 9:29 | Build | Palisade Wall |
| 9:29 | Build | Palisade Wall |
| 9:33 | Create | Villager (Male) |
| 9:33 | Create | Villager (Male) |
| 9:40 | Build | Palisade Gate |
| 9:56 | Build | Palisade Wall |
| 10:02 | Create | Villager (Male) |
| 10:17 | Build | Farm |
| 10:18 | Build | Farm |
| 10:21 | Build | Archery Range |
| 10:32 | Build | House |
| 10:37 | Create | Villager (Male) |
| 10:50 | Build | Mining Camp |
| 11:05 | Create | Villager (Male) |
| 11:10 | Build | Farm |
| 11:12 | Build | Farm |
| 11:31 | Build | Watch Tower |
| 11:36 | Create | Villager (Male) |
| 11:39 | Create | Skirmisher |
| 11:50 | Build | Farm |
| 11:54 | Create | Villager (Male) |
| 12:07 | Create | Militia |
| 12:19 | Create | Villager (Male) |
| 12:38 | Build | Stone Wall |
| 12:42 | Create | Villager (Male) |
| 12:53 | Build | Stone Wall |
| 12:56 | Build | Stone Wall |
| 12:58 | Build | Stone Wall |
| 12:58 | Create | Villager (Male) |
| 13:00 | Build | Mining Camp |
| 13:19 | Build | Farm |
| 13:19 | Research | Loom |
| 13:24 | Build | House |
| 13:31 | Create | Villager (Male) |
| 13:34 | Create | Militia |
| 13:34 | Create | Militia |
| 13:49 | Create | Villager (Male) |
| 14:09 | Create | Villager (Male) |
| 14:20 | Build | House |
| 14:21 | Build | House |
| 14:37 | Create | Villager (Male) |
| 14:47 | Research | Arson |
| 14:53 | Build | Lumber Camp |
| 14:57 | Build | Mill |
| 15:04 | Create | Skirmisher |
| 15:13 | Build | Watch Tower |
| 15:23 | Create | Militia |
| 15:23 | Create | Militia |
| 15:26 | Create | Villager (Male) |
| 15:38 | Build | Watch Tower |
| 15:44 | Create | Militia |
| 15:48 | Create | Archer |
| 16:04 | Create | Villager (Male) |
| 16:21 | Build | Blacksmith |
| 16:23 | Create | Villager (Male) |
| 16:47 | Build | Watch Tower |
| 16:51 | Create | Villager (Male) |
| 16:58 | Build | Stone Wall |
| 16:59 | Build | Stone Wall |
| 17:03 | Create | Villager (Male) |
| 17:07 | Build | Watch Tower |
| 17:17 | Research | Fletching |
| 17:19 | Create | Skirmisher |
| 17:32 | Create | Villager (Male) |
| 17:48 | Create | Villager (Male) |
| 17:51 | Build | Farm |
| 17:52 | Build | Farm |
| 17:53 | Build | Farm |
| 17:56 | Build | Farm |
| 18:00 | Build | Stone Wall |
| 18:01 | Build | Stone Wall |
| 18:08 | Create | Villager (Male) |
| 18:24 | Build | Stone Wall |
| 18:25 | Build | Stone Wall |
| 18:25 | Build | Stone Wall |
| 18:27 | Build | Stone Wall |
| 18:28 | Build | Stone Wall |
| 18:28 | Build | Stone Wall |
| 18:28 | Build | Stone Wall |
| 18:41 | Create | Villager (Male) |
| 18:46 | Build | Palisade Wall |
| 19:10 | Research | Double-Bit Axe |
| 19:22 | Build | Gate |
| 19:26 | Create | Villager (Male) |
| 19:36 | Create | Skirmisher |
| 19:37 | Create | Skirmisher |
| 19:42 | Build | Watch Tower |
| 19:57 | Create | Villager (Male) |
| 19:58 | Build | Farm |
| 20:15 | Build | Watch Tower |
| 20:25 | Research | Padded Archer Armor |
| 20:47 | Create | Villager (Male) |
| 21:02 | Build | Watch Tower |
| 21:08 | Build | House |
| 21:08 | Build | House |
| 21:16 | Build | House |
| 21:16 | Build | House |
| 21:23 | Create | Villager (Male) |
| 21:45 | Create | Villager (Male) |
| 21:59 | Build | Gate |
| 22:05 | Build | House |
| 22:07 | Create | Villager (Male) |
| 22:12 | Create | Skirmisher |
| 22:17 | Build | Market |
| 22:33 | Build | House |
| 22:35 | Build | House |
| 23:22 | Build | Lumber Camp |
| 23:31 | Create | Villager (Male) |
Build order — elbanovic
First 150 of 879 actions detected
| 0:00 | Create | Villager (Male) |
| 0:00 | Create | Villager (Male) |
| 0:01 | Create | Villager (Male) |
| 0:01 | Create | Villager (Male) |
| 0:02 | Build | House |
| 0:03 | Build | House |
| 1:22 | Create | Villager (Male) |
| 1:48 | Create | Villager (Male) |
| 1:48 | Create | Villager (Male) |
| 2:04 | Build | Lumber Camp |
| 2:11 | Create | Villager (Male) |
| 2:55 | Create | Villager (Male) |
| 3:16 | Create | Villager (Male) |
| 3:30 | Create | Villager (Male) |
| 4:08 | Create | Villager (Male) |
| 4:10 | Build | House |
| 4:22 | Create | Villager (Male) |
| 4:41 | Build | Barracks |
| 4:50 | Create | Villager (Male) |
| 5:00 | Build | House |
| 5:04 | Create | Villager (Male) |
| 5:36 | Create | Villager (Male) |
| 5:45 | Create | Militia |
| 6:05 | Create | Villager (Male) |
| 6:19 | Create | Militia |
| 6:23 | Build | House |
| 6:26 | Create | Villager (Male) |
| 6:36 | Build | Palisade Wall |
| 6:38 | Build | Palisade Wall |
| 6:47 | Create | Militia |
| 6:57 | Build | Palisade Wall |
| 7:03 | Build | Palisade Wall |
| 7:03 | Build | Palisade Wall |
| 7:19 | Build | Mill |
| 7:29 | Create | Villager (Male) |
| 7:29 | Create | Villager (Male) |
| 7:31 | Research | Loom |
| 7:46 | Build | Palisade Wall |
| 7:49 | Build | Palisade Wall |
| 7:53 | Create | Villager (Male) |
| 7:56 | Create | Villager (Male) |
| 8:01 | Build | Palisade Wall |
| 8:07 | Create | Villager (Male) |
| 8:28 | Create | Villager (Male) |
| 8:48 | Create | Villager (Male) |
| 9:23 | Build | Palisade Wall |
| 9:57 | Create | Villager (Male) |
| 10:13 | Build | Lumber Camp |
| 10:17 | Build | Palisade Wall |
| 10:19 | Research | Feudal Age |
| 10:26 | Build | Palisade Wall |
| 10:27 | Build | Palisade Wall |
| 10:27 | Build | House |
| 10:31 | Build | Palisade Wall |
| 11:00 | Build | Farm |
| 11:06 | Build | Farm |
| 11:20 | Build | Mining Camp |
| 11:38 | Create | Villager (Male) |
| 11:54 | Build | House |
| 12:02 | Build | House |
| 12:07 | Create | Villager (Male) |
| 12:29 | Build | Farm |
| 12:34 | Age | Feudal Age |
| 12:36 | Build | Archery Range |
| 12:39 | Create | Villager (Male) |
| 12:41 | Research | Double-Bit Axe |
| 13:01 | Build | House |
| 13:01 | Create | Villager (Male) |
| 13:03 | Build | Farm |
| 13:28 | Build | House |
| 13:30 | Create | Archer |
| 13:44 | Create | Villager (Male) |
| 13:50 | Build | Palisade Wall |
| 13:53 | Build | Blacksmith |
| 13:56 | Build | Palisade Wall |
| 13:58 | Build | Palisade Wall |
| 14:03 | Create | Archer |
| 14:11 | Build | House |
| 14:12 | Build | House |
| 14:14 | Create | Archer |
| 14:14 | Create | Villager (Male) |
| 14:19 | Build | House |
| 14:21 | Create | Archer |
| 14:31 | Create | Villager (Male) |
| 14:34 | Build | Farm |
| 14:46 | Build | Watch Tower |
| 14:59 | Research | Fletching |
| 15:03 | Create | Archer |
| 15:06 | Create | Villager (Male) |
| 15:08 | Build | Farm |
| 15:13 | Create | Archer |
| 15:24 | Build | Farm |
| 15:38 | Create | Archer |
| 15:47 | Create | Villager (Male) |
| 15:53 | Create | Archer |
| 15:57 | Build | Farm |
| 16:11 | Build | House |
| 16:15 | Create | Villager (Male) |
| 16:21 | Create | Archer |
| 16:39 | Create | Archer |
| 16:40 | Create | Villager (Male) |
| 16:52 | Build | Market |
| 16:53 | Create | Villager (Male) |
| 16:59 | Create | Archer |
| 17:05 | Create | Villager (Male) |
| 17:07 | Create | Archer |
| 17:19 | Create | Archer |
| 17:23 | Build | Mining Camp |
| 17:29 | Create | Archer |
| 17:34 | Build | House |
| 17:41 | Create | Archer |
| 17:42 | Create | Villager (Male) |
| 17:48 | Build | Palisade Wall |
| 18:01 | Create | Archer |
| 18:01 | Create | Villager (Male) |
| 18:04 | Build | Mining Camp |
| 18:12 | Build | Farm |
| 18:15 | Build | Archery Range |
| 18:34 | Create | Villager (Male) |
| 18:44 | Create | Archer |
| 18:59 | Build | Watch Tower |
| 19:06 | Create | Villager (Male) |
| 19:16 | Build | Mining Camp |
| 19:23 | Build | Watch Tower |
| 19:26 | Create | Archer |
| 19:26 | Create | Villager (Male) |
| 19:29 | Build | Farm |
| 19:43 | Build | House |
| 19:56 | Build | Farm |
| 20:02 | Build | House |
| 20:06 | Create | Archer |
| 20:19 | Create | Villager (Male) |
| 20:45 | Create | Villager (Male) |
| 20:52 | Create | Archer |
| 20:54 | Build | House |
| 21:04 | Build | Stable |
| 21:18 | Create | Archer |
| 21:20 | Create | Villager (Male) |
| 21:45 | Build | House |
| 21:46 | Build | House |
| 21:50 | Create | Villager (Male) |
| 21:51 | Build | Farm |
| 21:55 | Build | Farm |
| 21:59 | Build | Farm |
| 22:01 | Build | House |
| 22:02 | Build | House |
| 22:14 | Build | House |
| 22:35 | Research | Castle Age |
| 22:36 | Research | Castle Age |
| 22:43 | Build | Mill |
Match timeline
| 3:34 | HiddenZebra · wall_segment Palisade Wall x3 |
| 4:41 | elbanovic · first_building Barracks |
| 6:36 | elbanovic · wall_segment Palisade Wall x4 |
| 6:38 | elbanovic · wall_segment Palisade Wall x12 |
| 6:57 | elbanovic · wall_segment Palisade Wall x3 |
| 7:03 | elbanovic · wall_segment Palisade Wall x5 |
| 7:03 | elbanovic · wall_segment Palisade Wall x4 |
| 7:44 | HiddenZebra · first_building Barracks |
| 7:46 | elbanovic · wall_segment Palisade Wall x8 |
| 7:49 | elbanovic · wall_segment Palisade Wall x1 |
| 7:50 | HiddenZebra · wall_segment Palisade Wall x1 |
| 8:01 | elbanovic · wall_segment Palisade Wall x8 |
| 8:33 | HiddenZebra · wall_segment Palisade Wall x1 |
| 8:36 | HiddenZebra · wall_segment Palisade Wall x4 |
| 8:58 | HiddenZebra · wall_segment Palisade Wall x1 |
| 8:58 | HiddenZebra · wall_segment Palisade Wall x1 |
| 8:59 | HiddenZebra · wall_segment Palisade Wall x1 |
| 9:02 | HiddenZebra · wall_segment Palisade Wall x1 |
| 9:02 | HiddenZebra · wall_segment Palisade Wall x1 |
| 9:04 | HiddenZebra · age_up feudal |
| 9:23 | elbanovic · wall_segment Palisade Wall x16 |
| 9:24 | HiddenZebra · wall_segment Palisade Wall x1 |
| 9:29 | HiddenZebra · wall_segment Palisade Wall x1 |
| 9:29 | HiddenZebra · wall_segment Palisade Wall x1 |
| 9:56 | HiddenZebra · wall_segment Palisade Wall x1 |
| 10:17 | elbanovic · wall_segment Palisade Wall x1 |
| 10:21 | HiddenZebra · first_building Archery Range |
| 10:26 | elbanovic · wall_segment Palisade Wall x1 |
| 10:27 | elbanovic · wall_segment Palisade Wall x1 |
| 10:31 | elbanovic · wall_segment Palisade Wall x1 |
| 12:34 | elbanovic · age_up feudal |
| 12:36 | elbanovic · first_building Archery Range |
| 12:38 | HiddenZebra · wall_segment Stone Wall x1 |
| 12:53 | HiddenZebra · wall_segment Stone Wall x1 |
| 12:56 | HiddenZebra · wall_segment Stone Wall x1 |
| 12:58 | HiddenZebra · wall_segment Stone Wall x1 |
| 13:50 | elbanovic · wall_segment Palisade Wall x1 |
| 13:56 | elbanovic · wall_segment Palisade Wall x1 |
| 13:58 | elbanovic · wall_segment Palisade Wall x1 |
| 16:58 | HiddenZebra · wall_segment Stone Wall x3 |
| 16:59 | HiddenZebra · wall_segment Stone Wall x7 |
| 17:48 | elbanovic · wall_segment Palisade Wall x1 |
| 18:00 | HiddenZebra · wall_segment Stone Wall x9 |
| 18:01 | HiddenZebra · wall_segment Stone Wall x3 |
| 18:24 | HiddenZebra · wall_segment Stone Wall x1 |
| 18:25 | HiddenZebra · wall_segment Stone Wall x1 |
| 18:25 | HiddenZebra · wall_segment Stone Wall x1 |
| 18:27 | HiddenZebra · wall_segment Stone Wall x1 |
| 18:28 | HiddenZebra · wall_segment Stone Wall x1 |
| 18:28 | HiddenZebra · wall_segment Stone Wall x1 |
| 18:28 | HiddenZebra · wall_segment Stone Wall x1 |
| 18:46 | HiddenZebra · wall_segment Palisade Wall x1 |
| 21:04 | elbanovic · first_building Stable |
| 22:21 | elbanovic · first_market_sell 100 wood |
| 22:24 | elbanovic · first_market_buy 100 food |
| 22:54 | HiddenZebra · first_market_sell 500 stone |
| 22:55 | HiddenZebra · first_market_buy 100 food |
| 23:09 | elbanovic · wall_segment Palisade Wall x1 |
| 23:22 | elbanovic · wall_segment Palisade Wall x1 |
| 25:15 | elbanovic · age_up castle |
| 25:31 | elbanovic · first_building Castle |
| 27:15 | HiddenZebra · age_up castle |
| 27:21 | HiddenZebra · wall_segment Stone Wall x1 |
| 27:31 | HiddenZebra · first_building Siege Workshop |
| 29:43 | HiddenZebra · first_building Castle |
| 31:59 | elbanovic · first_building Siege Workshop |
| 32:09 | elbanovic · wall_segment Palisade Wall x1 |
| 32:10 | elbanovic · wall_segment Palisade Wall x1 |
| 32:50 | elbanovic · first_building Monastery |
| 34:23 | HiddenZebra · wall_segment Stone Wall x7 |
| 35:49 | HiddenZebra · wall_segment Stone Wall x1 |
| 35:50 | HiddenZebra · wall_segment Stone Wall x1 |
| 35:51 | HiddenZebra · wall_segment Stone Wall x1 |
| 35:53 | HiddenZebra · wall_segment Stone Wall x1 |
| 36:02 | HiddenZebra · first_building Monastery |
| 38:21 | elbanovic · age_up imperial |
| 39:13 | HiddenZebra · wall_segment Stone Wall x3 |
| 39:13 | HiddenZebra · wall_segment Stone Wall x1 |
| 42:11 | HiddenZebra · age_up imperial |
| 42:50 | elbanovic · wall_segment Stone Wall x1 |
| 42:50 | elbanovic · wall_segment Stone Wall x1 |
| 42:51 | elbanovic · wall_segment Stone Wall x1 |
| 64:33 | elbanovic · resign |
[ AI ANALYSIS · 1 CREDIT ]
What really happened in this match?
Wolo.gg analyzes every decision: build order, eco, micro, common mistakes by bracket. Personalized analysis on WhatsApp or Discord in 30 seconds.
Civ guide
Celts
Perfil
HiddenZebra